 Dungeon Crawl Stone Soup version 0.29-a0-341-g24ffce5b50 (webtiles) character file.

Game seed: 5698968415886349187

422 Ijustatesigmund the Magician (level 6, -2/32 HPs)
             Began as a Deep Elf Hedge Wizard on Apr 20, 2022.
             Slain by an iguana (12 damage)
             ... on level 5 of the Dungeon.
             The game lasted 00:12:52 (4602 turns).

Ijustatesigmund the Magician (DEWz)                 Turns: 4602, Time: 00:12:54

Health: -2/32      AC:  4    Str:  7    XL:     6   Next: 63%
Magic:  9/17       EV: 12    Int: 21    God:
Gold:   1130       SH:  0    Dex: 14    Spells: 13/18 levels left

rFire   . . .      SeeInvis .   a - +2 dagger (venom)
rCold   . . .      Faith    .   (no shield)
rNeg    . . .      Spirit   .   b - +0 robe
rPois   .          Reflect  .   c - +0 hat
rElec   .          Harm     .   (no cloak)
rCorr   .          Rampage  .   (no gloves)
Will    .....                   h - +1 pair of boots
Stlth   ++........              g - amulet of regeneration
HPRegen 0.90/turn               (no ring)
MPRegen 0.15/turn               (no ring)

@: no status effects
A: no striking features
a: no special abilities


You were on level 5 of the Dungeon.
You visited 1 branch of the dungeon, and saw 5 of its levels.

You collected 1130 gold pieces.

Inventory:

Hand Weapons
 a - a +2 dagger of venom (weapon)
Armour
 b - a +0 robe (worn)
 c - a +0 hat (worn)
 h - a +1 pair of boots (worn)
Jewellery
 g - an amulet of regeneration (around neck)
Wands
 n - a wand of iceblast (12)
Scrolls
 j - 3 scrolls of identify
 l - a scroll of teleportation
 m - a scroll of brand weapon {unknown}
Potions
 d - 4 potions of magic
 e - a potion of attraction
 i - a potion of mutation
 k - a potion of flight


   Skills:
 - Level 2.4 Dodging
 - Level 2.4 Stealth
 + Level 6.5 Spellcasting
 + Level 5.6 Conjurations
 - Level 1.1 Summonings
 - Level 3.1 Translocations


You had 13 spell levels left.
You knew the following spells:

 Your Spells              Type           Power      Damage    Failure   Level
a - Magic Dart            Conj           100%       1d8       1%          1
b - Blink                 Tloc           40%        N/A       3%          2
c - Call Imp              Summ           11%        N/A       9%          2

Your spell library contained the following spells:

 Spells                   Type           Power      Damage    Failure   Level
 Conjure Flame            Conj/Fire      18%        6-21      9%          3
 Slow                     Hex            24%        N/A       10%         1
 Mephitic Cloud           Conj/Pois/Air  14%        N/A       13%         3
 Animate Dead             Necr           3%         N/A       67%         4
 Borgnjor's Vile Clutch   Necr/Erth      3%         N/A       95%         5
 Death Channel            Necr           3%         N/A       100%        6


Dungeon Overview and Level Annotations

Branches:
Dungeon (5/15)
 Temple: D:4-7

Altars:
Trog

Annotations:
D:2 Sigmund


Message History

A beastly little devil appears in a puff of flame.
You feel better.
You feel stable enough to blink again. The iguana closely misses you.
Your crimson imp hits the iguana.
Casting: Call Imp (safe; 9% risk of failure)
Confirm with . or Enter, or press ? or * to list all spells.
Aiming: Magic Dart (safe; 1% risk of failure)
Press: ? - help, Shift-Dir - straight line, f - iguana
Aim: an iguana (lightly wounded, ally target, 100% to hit)
The magic dart hits the iguana but does no damage.
The iguana is lightly wounded.
The iguana hisses menacingly.
The iguana bites you.
Your crimson imp barely misses the iguana.
What are your orders? t - Shout!
Orders for allies: a - Attack new target. p - Attack previous target. r - Retreat! s - Stop attacking. g - Guard the area. f - Follow me.
Anything else - Cancel.
Gang up on whom?
Press: ? - help, Dir - move target, f/p - iguana
Aim: an iguana (lightly wounded, ally target) Attack!
Your crimson imp hits the iguana but does no damage.
The iguana barely misses you.
You hit the iguana.
The iguana is poisoned.
The iguana is moderately wounded.
Your crimson imp hits the iguana but does no damage.
The iguana bites you!
* * * LOW HITPOINT WARNING * * *
Casting: Magic Dart (safe; 1% risk of failure)
Confirm with . or Enter, or press ? or * to list all spells.
Aiming: Magic Dart (safe; 1% risk of failure)
Press: ? - help, Shift-Dir - straight line, f/p - iguana
Aim: an iguana (moderately wounded, very poisoned, ally target, 100% to hit)
The magic dart hits the iguana.
The iguana is moderately wounded.
The iguana bites you!
You die...

##### #<5@#
#..l#
#...$#
.......#
.....##...#
##..#
###..# #...
#... ....
...


You could see an iguana (very poisoned, ally target) and a friendly crimson imp
(summoned).

Vanquished Creatures
  2 hounds (D:4)
  2 orc priests (D:3)
  4 orc wizards
  Terence (D:3)
  Jessica (D:3)
  An iguana (D:5)
  4 adders
  2 dart slugs (D:4)
  13 orcs
  4 ball pythons
  4 bats
  5 goblins
  6 hobgoblins
  8 jackals
  5 quokkas
  3 frilled lizards
  3 kobolds
  7 rats
75 creatures vanquished.

Vanquished Creatures (collateral kills)
  An orc (D:4)
1 creature vanquished.

Grand Total: 76 creatures vanquished

Notes
Turn   | Place    | Note
-------+----------+-------------------------------------------
     0 | D:1      | Ijustatesigmund the Deep Elf Hedge Wizard began the quest
                  | for the Orb.
     0 | D:1      | Reached XP level 1. HP: 10/10 MP: 7/7
   291 | D:1      | Found a faded altar of an unknown god.
   349 | D:1      | Reached XP level 2. HP: 15/15 MP: 7/9
   352 | D:1      | Learned a level 2 spell: Blink
  1772 | D:2      | Noticed Sigmund
  1849 | D:3      | Reached XP level 3. HP: 19/19 MP: 9/11
  1873 | D:3      | Reached skill level 5 in Spellcasting
  2121 | D:3      | Found a bloodstained altar of Trog.
  2284 | D:3      | Identified a scroll of acquirement
  2284 | D:3      | Acquired 987 gold pieces
  2322 | D:3      | Noticed Jessica
  2332 | D:3      | Killed Jessica
  2333 | D:3      | Reached XP level 4. HP: 24/24 MP: 8/13
  2469 | D:3      | Noticed Terence
  2596 | D:2      | Learned a level 2 spell: Call Imp
  2945 | D:4      | Reached XP level 5. HP: 28/28 MP: 9/15
  3606 | D:3      | Killed Terence
  3607 | D:3      | Reached skill level 6 in Spellcasting
  3712 | D:3      | Reached skill level 5 in Conjurations
  3712 | D:3      | Reached XP level 6. HP: 32/32 MP: 12/17
  4591 | D:5      | Entered Level 5 of the Dungeon
  4602 | D:5      | Slain by an iguana

Illustrated notes

Levels and vault maps discovered:
D:1:      minmay_arrival_shoal_huts, layout_loops_corners,
          shapermc_ecumenical_altar_mp_ritualfount
D:2:      layout_loops_corners, uniq_robin, uniq_natasha, uniq_sigmund
D:3:      layout_rooms, lemuel_doored_altar, uniq_jessica, uniq_terence
D:4:      layout_loops_cross, minmay_cupped
D:5:      minmay_general_purpose_star, layout_layer_cave, serial_shops,
          nicolae_shop_hallway_stairs, corexii_hall_statues_x

Skill      XL: |  1  2  3  4  5  6 |
---------------+-------------------+-----
Conjurations   | 2 3 4 5 |  5.6
Spellcasting   | 5 6 |  6.5
Translocations | 2 3 |  3.1
Dodging        | |  2.4
Stealth        | |  2.4
Summonings     | |  1.1

Action                   |  1- 3 |  4- 6 || total
-------------------------+-------+-------++-------
Melee: Dagger            |       |    14 ||    14
 Cast: Magic Dart        |    81 |   140 ||   221
       Call Imp          |       |     4 ||     4
       Blink             |       |     5 ||     5
  Use: Scroll            |    10 |       ||    10
       Potion            |       |     3 ||     3
Armor: Robe              |     8 |     7 ||    15
Dodge: Dodged            |     7 |    34 ||    41

Table legend: (Time is in decaauts)
 A = Elapsed time spent in this place.
 B = Non-inter-level travel time spent in this place.
 C = Inter-level travel time spent in this place.
 D = Time resting spent in this place.
 E = Time spent auto-exploring this place.
 F = Levels seen in this place.
 G = Mean time per level.
                   A        B        C        D        E       F      G
               +--------+--------+--------+--------+--------+-----+--------+
         Total |   4585 |   4393 |    192 |   1551 |   2169 |   5 |  917.0 |
       Dungeon |   4585 |   4393 |    192 |   1551 |   2169 |   5 |  917.0 |
               +--------+--------+--------+--------+--------+-----+--------+

Top non-repeatable levels by time:
     D:1: 1512 daAuts
     D:4: 1339 daAuts
     D:3: 1106 daAuts
     D:2: 617 daAuts
     D:5: 10 daAuts
